 Dungeon Crawl Stone Soup version 0.23-b1-49-g13d5857 (webtiles) character file.

Game seed: 16829142451504609144

218 Kairos the Skirmisher (level 5, 0/28 HPs)
             Began as a Vine Stalker Fighter on Feb 3, 2019.
             Slain by an orc warrior
             ... wielding a +0 halberd
              (8 damage)
             ... on level 4 of the Dungeon.
             The game lasted 00:03:11 (2486 turns).

Kairos the Skirmisher (Vine Stalker Fighter)        Turns: 2486, Time: 00:03:11

Health: 0/28       AC:  9    Str: 20    XL:     5   Next: 95%
Magic:  0/15       EV:  5    Int:  8    God:
Gold:   138        SH:  9    Dex: 13    Spells: 4/4 levels left

rFire    x . .     SeeInvis .   a - +2 war axe
rCold    + . .     Gourm    +   c - +0 shield
rNeg     . . .     Faith    .   q - +0 chain mail
rPois    .         Spirit   +   (no helmet)
rElec    .         Reflect  .   (no cloak)
rCorr    .         Harm     .   (no gloves)
MR       .....                  (no boots)
Stlth    ..........             h - amulet of the gourmand
HPRegen  0.49/turn              i - ring of ice
MPRegen  0.14/turn              r - ring of magical power

@: no status effects
A: fangs 2, regeneration 1, magic shield, antimagic bite, no potion heal 3, rot
immunity
a: no special abilities


You were on level 4 of the Dungeon.
You were very hungry.

You visited 1 branch of the dungeon, and saw 4 of its levels.

You collected 138 gold pieces.

Inventory:

Hand Weapons
 a - a +2 war axe (weapon)
Armour
 b - a +0 scale mail
 c - a +0 shield (worn)
 q - a +0 chain mail (worn)
Jewellery
 h - an amulet of the gourmand (around neck)
 i - a ring of ice (left hand)
 r - a ring of magical power (right hand)
Scrolls
 l - 3 scrolls of teleportation
 p - a scroll of remove curse
Potions
 d - a potion of might
 e - a potion of heal wounds
 j - a potion of resistance {unknown}
 k - a potion of flight {unknown}
 m - a potion of magic {unknown}
 n - a potion of agility {unknown}
 o - a potion of ambrosia {unknown}
 s - a potion of brilliance {unknown}
Comestibles
 f - 8 rations


   Skills:
 + Level 3.6 Fighting
 + Level 3.4 Axes
 + Level 3.1 Armour
 + Level 0.7 Dodging
 + Level 0.4 Stealth
 + Level 3.4 Shields


You had 4 spell levels left.
You didn't know any spells.
Your spell library was empty.

Dungeon Overview and Level Annotations

Branches:
Dungeon (4/15)
 Temple: D:4-7

Altars:
Ashenzari
Makhleb


Innate Abilities, Weirdness & Mutations

You have extremely sharp teeth.
Your natural rate of healing is unusually fast.
When hurt, damage is shared between your health and your magic reserves.
Your bite disrupts and absorbs the magic of your enemies.
Potions cannot restore your health.
You are immune to rotting.


Message History

Your chain mail prevents you from hitting the orc warrior.
You bite the orc warrior. You drain its power.
You feel invigorated.
The orc warrior is lightly wounded.
You block the orc warrior's attack.
You slash the orc warrior!
You bite the orc warrior, but do no damage.
The orc warrior is moderately wounded.
The orc warrior barely misses you.
You hit the orc warrior.
The orc warrior is heavily wounded.
You block the orc warrior's attack.
The orc warrior hits you with a +0 halberd!
You closely miss the orc warrior. Your bite misses the orc warrior.
The orc warrior is heavily wounded.
The orc warrior hits you with a +0 halberd!!
* * * LOW HITPOINT WARNING * * *
You hit the orc warrior but do no damage.
The orc warrior is heavily wounded.
The orc warrior hits you with a +0 halberd!
You die...

########## .........##
..........## ...........#
...........# #######
...........# .......
...........##### .......
...............####.......
..........####.<@oo.......
.........#########..(.....
######.#####oo...(........
#.# ##.o####.###.##.# #.#
#.(#####.###...
#.###.#.......... ...
...###.#.....#o###### #.
.............#oo#
....##.####..##...


You could see an orc warrior and an orc.

Vanquished Creatures
  A hound (D:3)
  An orc wizard (D:4)
  Terence (D:3)
  5 adders
  2 dart slugs
  3 leopard geckos
  7 orcs
  A ball python (D:1)
  6 giant cockroaches
  6 goblins
  12 hobgoblins
  2 jackals (D:3)
  9 kobolds
  2 quokkas (D:3)
  4 bats
  2 frilled lizards (D:2)
  10 rats
74 creatures vanquished.

Vanquished Creatures (others)
  2 fungi (D:2)
2 creatures vanquished.

Grand Total: 76 creatures vanquished

Notes
Turn   | Place    | Note
-------+----------+-------------------------------------------
     0 | D:1      | Kairos the Vine Stalker Fighter began the quest for the
                  | Orb.
     0 | D:1      | Reached XP level 1. HP: 11/11 MP: 2/2
   123 | D:1      | Reached XP level 2. HP: 12/16 MP: 3/3
   519 | D:1      | Reached XP level 3. HP: 20/20 MP: 4/4
  1061 | D:2      | Found a shattered altar of Ashenzari.
  1065 | D:2      | Saw a vision of the Swamp and the Snake Pit.
  1065 | D:2      | Noticed a naga mage
  1065 | D:2      | Noticed a shock serpent
  1065 | D:2      | Noticed an alligator
  1065 | D:2      | Noticed a mana viper
  1065 | D:2      | Noticed a naga
  1065 | D:2      | Noticed a naga warrior
  1065 | D:2      | Noticed a black mamba
  1065 | D:2      | Noticed an alligator
  1066 | D:2      | Noticed a swamp drake
  1066 | D:2      | Noticed a naga
  1084 | D:2      | Gained mutation: Your natural rate of healing is unusually
                  | fast. [Vine Stalker growth]
  1084 | D:2      | Reached XP level 4. HP: 12/24 MP: 5/5
  1393 | D:2      | You fall through a shaft!
  1481 | D:3      | Noticed Terence
  1508 | D:3      | Killed Terence
  1508 | D:3      | Reached XP level 5. HP: 16/28 MP: 6/6
  1747 | D:3      | Found a burning altar of Makhleb.
  2237 | D:4      | Noticed an orc warrior
  2486 | D:4      | Slain by an orc warrior

Skill      XL: |  1  2  3  4  5 |
---------------+----------------+-----
Fighting       | 3 |  3.6
Axes           | 2 3 |  3.4
Shields        | 3 |  3.4
Armour         | 3 |  3.1
Dodging        | |  0.7
Stealth        | |  0.4

Action                   |  1- 3 |  4- 6 || total
-------------------------+-------+-------++-------
Melee: War axe           |    80 |   106 ||   186
       Bite              |    22 |    26 ||    48
  Use: Scroll            |     2 |     3 ||     5
  Eat: Chunk             |       |     4 ||     4
Armor: Scale mail        |    40 |    15 ||    55
       Chain mail        |       |    34 ||    34
Dodge: Dodged            |    14 |    33 ||    47
Block: Shield            |    53 |    76 ||   129
